Map: Remanso LE

Players

IagoAbreu

  • Race: Zerg Zerg
  • League: Silver
  • Spawn Location: 11:00

Caioky - Winner!

  • Race: Terran Terran
  • League: Silver
  • Spawn Location: 5:00

VOD

Have the link to the VOD?

Description

Time

  • Played on: March 7, 2018, 1:17 p.m.
  • Length: 16:59
Show
View Real Time Build Order
Export as new Build Order

IagoAbreu Zerg 

Build Orders: Pool First 

Get SALT Encoding   

  12  0:18  Spawning Pool  
  11  0:22  Drone  
  11  0:27  Drone  
  13  0:32  Drone  
  14  0:40  Overlord  
  14  0:55  Overlord  
  14  1:05  Queen  
  14  1:07  Zergling x2  
  14  1:09  Zergling x2  
  18  1:19  Drone  
  19  1:27  Extractor  
  19  1:30  Drone  
  19  1:32  Extractor  
  19  1:38  Roach Warren  
  19  1:39  Zergling x2  
  18  2:00  Drone x2  
  20  2:13  Zergling x2  
  21  2:26  Zergling x8  
  25  2:59  Overlord x2  
  25  3:17  Hatchery  
  24  3:33  Burrow  
  24  3:43  Zergling x4  
  26  3:48  Drone  
  27  4:02  Drone x2  
  29  4:07  Drone  
  30  4:20  Roach  
  32  4:27  Drone x2  
  34  4:38  Roach  
  36  4:40  Roach  
  38  4:48  Roach  
  39  5:16  Lair  
  39  5:18  Roach x2  
  43  5:24  Overlord x2  
  43  6:14  Drone x5  
  43  6:15  Drone x3  
  51  6:21  Zergling x6  
  50  6:50  Tunneling Claws  
  50  6:52  Metabolic Boost  
  50  6:58  Evolution Chamber  
  49  7:02  Drone x4  
  49  7:03  Drone  
  54  7:23  Zergling x8  
  54  7:24  Zergling x2  
  54  7:29  Overlord x2  
  59  7:30  Overlord  
  59  7:39  Zerg Melee Weapons Level 1  
  59  7:44  Pneumatized Carapace  
  56  8:14  Roach x4  
  56  8:15  Queen  
  58  8:22  Roach x6  
  58  8:23  Roach x3  
  58  8:24  Roach  
  58  8:26  Queen  
  63  8:56  Hatchery  
  63  9:01  Roach  
  63  9:02  Roach x4, Zergling x4  
  74  9:04  Drone  
  52  9:43  Roach x2  
  52  9:44  Roach x3  
  60  9:52  Roach x4  
  49  10:04  Roach  
  32  10:18  Queen  
  32  10:21  Roach x2  
  38  10:25  Roach x2  
  28  11:03  Drone x3  
  26  11:44  Drone x5  
  26  11:45  Spawning Pool  
  29  12:19  Drone x5  
  34  12:47  Baneling Nest, Roach x10  
  34  12:48  Zergling x4  
  34  12:49  Zergling x2  
  36  13:25  Roach x3  
  16  13:50  Zergling x8  
  16  13:51  Zergling x2  
  21  14:37  Zergling x8  
  21  14:38  Zergling x4  
  27  14:41  Baneling x2  
  27  14:42  Baneling x6  
  27  14:43  Baneling x7  
  27  14:44  Baneling  
  27  15:02  Zergling x2  
  27  15:03  Zergling x8  
  32  16:12  Zergling x10, Baneling x4  
  15  16:36  Zergling x4  
  6  16:41  Drone  
Show
View Real Time Build Order
Export as new Build Order

Caioky Terran - Winner!

Build Orders:  

Get SALT Encoding   

  12  0:13  SCV  
  13  0:16  Supply Depot  
  13  0:26  SCV  
  14  0:38  SCV  
  14  0:40  Supply Depot  
  15  0:50  SCV  
  16  1:02  SCV  
  16  1:04  Barracks  
  17  1:15  SCV  
  18  1:28  SCV  
  19  1:40  SCV  
  19  1:43  Refinery  
  20  1:52  SCV, Supply Depot  
  21  1:56  Marine  
  22  2:04  SCV  
  23  2:08  Refinery  
  23  2:14  Marine, Supply Depot  
  24  2:16  SCV  
  24  2:21  Engineering Bay  
  25  2:28  SCV  
  26  2:32  Marine  
  27  2:40  SCV  
  28  2:50  Marine  
  29  3:06  Command Center  
  29  3:07  Marine  
  29  3:12  Missile Turret  
  30  3:19  Terran Infantry Weapons Level 1  
  30  3:23  Factory  
  30  3:27  Orbital Command  
  30  3:31  Missile Turret  
  30  3:51  Barracks Reactor, Missile Turret  
  30  4:12  Factory Reactor  
  30  4:18  Armory  
  29  5:06  Hellbat x2  
  33  5:07  Armory  
  33  5:09  Marine  
  33  5:10  Marine  
  33  5:13  Terran Infantry Armor Level 1  
  35  5:27  Marine x2, Hellbat  
  35  5:28  SCV, Hellbat  
  42  5:45  Marine x2  
  42  5:49  Hellbat x2  
  47  6:00  Engineering Bay  
  47  6:02  Marine, Terran Vehicle Weapons Level 1  
  47  6:03  Marine, Terran Vehicle And Ship Armor Level 1  
  49  6:10  Hellbat  
  49  6:11  Hellbat, Factory  
  53  7:03  Barracks  
  53  7:04  Terran Infantry Weapons Level 2  
  53  7:08  Factory Tech Lab  
  53  7:13  Supply Depot  
  53  7:16  Planetary Fortress  
  53  7:19  Terran Infantry Armor Level 2  
  53  7:36  Supply Depot  
  53  7:38  Infernal Pre-Igniter  
  53  7:40  Refinery  
  51  7:57  SCV  
  52  8:05  Refinery  
  52  8:09  SCV, Hellbat x2  
  52  8:11  Missile Turret  
  57  8:21  SCV  
  57  8:22  Barracks Tech Lab  
  57  8:25  Supply Depot  
  58  8:30  Hellbat  
  58  8:31  Missile Turret  
  58  8:33  SCV  
  59  8:45  SCV  
  60  8:50  Missile Turret  
  60  8:51  Marine  
  60  8:52  Marine  
  62  8:56  Smart Servos  
  62  8:57  SCV  
  63  9:09  Marine x2, SCV  
  65  9:13  Terran Vehicle Weapons Level 2  
  66  9:21  SCV  
  65  9:27  Marine x2  
  65  9:33  SCV  
  65  9:35  Hi-Sec Auto Tracking  
  66  9:39  Hellbat x2  
  70  9:46  SCV  
  71  9:58  SCV  
  68  10:00  Hellbat x2  
  62  10:29  SCV  
  63  10:42  SCV  
  64  10:54  SCV  
  65  11:06  SCV  
  64  11:18  SCV, Marine  
  61  11:19  Marine  
  61  11:20  Marauder  
  65  11:36  Marine  
  65  11:37  Marine  
  67  11:42  Marauder  
  69  11:54  Marine x2  
  69  11:55  SCV  
  72  12:03  Marauder  
  72  12:07  SCV  
  76  12:08  SCV  
  76  12:12  Marine x2  
  78  12:19  SCV  
  78  12:20  SCV  
  80  12:24  Terran Vehicle Weapons Level 3  
  80  12:25  Terran Vehicle And Ship Armor Level 2, Marauder  
  80  12:26  Hellbat  
  80  12:27  Hellbat  
  86  12:40  Supply Depot  
  86  13:02  SCV x2, Supply Depot, Hellbat x2, Marauder  
  92  13:14  SCV x2  
  89  13:26  Supply Depot  
  75  13:54  Marauder  
  77  13:56  Marine x2  
  77  13:57  Combat Shields  
  79  14:03  Supply Depot  
  79  14:13  Marine  
  79  14:14  Marine  
  79  14:16  Marauder  
  83  14:31  Marine  
  83  14:32  Marine  
  83  14:37  Command Center, Marauder  
  87  14:49  Marine  
  87  14:50  Marine  
  89  14:59  Marauder  
  91  15:07  Marine x2  
  93  15:16  Concussive Shells  
  93  15:20  Marauder  
  95  15:25  Marine x2  
  97  15:41  Marauder  
  99  15:46  Marine  
  99  15:47  Marine  
  99  15:49  Hellbat x2  
  105  16:02  SCV, Refinery  
  105  16:03  Marauder  
  108  16:04  Marine  
  108  16:05  Marine  
  108  16:10  Hellbat  
  108  16:11  Hellbat  
  114  16:14  SCV  
  115  16:22  Marine x2  
  115  16:24  Marauder  
  115  16:26  SCV  
  115  16:32  Hellbat x2  
  116  16:40  Marine x2  
Tags
 
Add a new tag
Caveats
  • Supply blocks, unpowered buildings, or Contaminate may cause inaccurate times.
  • Supply counts are checked every 10 seconds.